 Dungeon Crawl Stone Soup version 0.29-a0-323-g050149af67 (webtiles) character file.

Game seed: 1827218436675611481

167 Dabor the Insei (level 5, -1/34 HPs)
             Began as an Octopode Transmuter on Apr 11, 2022.
             Slain by a gnoll shaman
             ... wielding a +0 whip
              (8 damage)
             ... on level 4 of the Dungeon.
             The game lasted 00:04:38 (4581 turns).

Dabor the Insei (Octopode Transmuter)               Turns: 4581, Time: 00:04:39

Health: -1/34      AC:  1    Str:  6 (9)  XL:     5   Next: 48%
Magic:  7/9        EV: 13    Int: 16 (17) God:
Gold:   170        SH:  0    Dex: 10 (13) Spells: 4/10 levels left

rFire   + . .      SeeInvis .   k - +1 mace (protect)
rCold   . . .      Faith    .   (no shield)
rNeg    . . .      Spirit   .   (helmet currently unavailable)
rPois   .          Reflect  .   (no amulet)
rElec   .          Harm     .   c - ring of protection from fire
rCorr   .          Rampage  .   (no ring)
Will    .....                   (no ring)
Stlth   ++........              (no ring)
HPRegen 0.11/turn               (no ring)
MPRegen 0.11/turn               (no ring)
                                (no ring)
                                (no ring)

@: brilliant, appendages, wereblooded, flying (expiring)
A: tentacle spike 3, almost no armour, amphibious, 8 rings, camouflage 1,
gelatinous body 1, (nimble swimmer 1), tentacles
a: End Transformation


You were on level 4 of the Dungeon.
One of your tentacles had grown a beastly spike.
You visited 1 branch of the dungeon, and saw 4 of its levels.

You collected 170 gold pieces.

Inventory:

Hand Weapons
 k - a +1 mace of protection (weapon)
Magical Staves
 n - a staff of poison
Jewellery
 c - a ring of protection from fire (left tentacle)
Scrolls
 d - a scroll of enchant weapon {unknown}
 e - 2 scrolls of magic mapping {unknown}
 i - 3 scrolls of identify {unknown}
 j - 2 scrolls of teleportation {unknown}
 l - a scroll of torment {unknown}
Potions
 a - 2 potions of lignification
 h - 2 potions of curing


   Skills:
 + Level 2.3 Fighting
 - Level 2.2 Dodging
 + Level 3.5 Unarmed Combat
 * Level 3.1 Spellcasting
 * Level 3.3 Transmutations
 * Level 1.0 Poison Magic


You had 4 spell levels left.
You knew the following spells:

 Your Spells              Type           Power      Damage    Failure   Level
a - Beastly Appendage     Tmut           38%        N/A       4%          1
b - Wereblood             Tmut           19%        N/A       7%          2
c - Spider Form           Tmut/Pois      14%        N/A       22%         3

Your spell library contained the following spells:

 Spells                   Type           Power      Damage    Failure   Level
 Animate Skeleton         Necr           6%         N/A       19%         1
 Apportation              Tloc           6%         N/A       19%         1
 Summon Small Mammal      Summ           12%        N/A       19%         1
 Ensorcelled Hibernation  Hex/Ice        6%         N/A       28%         2
 Scorch                   Fire           6%         2d5       28%         2
 Ice Form                 Ice/Tmut       11%        N/A       67%         4
 Anguish                  Hex/Necr       1%         N/A       88%         4
 Flame Wave               Conj/Fire      3%         2d4       88%         4
 Summon Cactus Giant      Summ           1%         N/A       100%        6


Dungeon Overview and Level Annotations

Branches:
Dungeon (4/15)
 Temple: D:4-7

Altars:
Ashenzari
Qazlal
Uskayaw
Xom


Innate Abilities, Weirdness & Mutations

One of your tentacles has grown a beastly spike.
You cannot wear most types of armour.
You are amphibious.
You can wear up to eight rings at the same time.
Your skin changes colour to match your surroundings (Stealth+).
Your rubbery body absorbs attacks. (AC +1, EV +1)
((You are camouflaged when in or above water. (Stealth+)))
You have tentacles for arms and can constrict up to eight enemies at once.


Message History

Okay, then.
A gnoll comes into view. It is wielding a +0 halberd.
The gnoll shouts!
You hear a shout! x3
A gnoll shaman comes into view. It is wielding a +0 whip.
The gnoll misses you. The gnoll misses you.
The gnoll shaman calls upon its god to speed up the gnoll.
The gnoll seems to speed up.
Casting: Beastly Appendage (safe; 4% risk of failure)
Confirm with . or Enter, or press ? or * to list all spells.
You feel a surge of power!
One of your tentacles grows a vicious spike.
The gnoll hits you from afar with a +0 halberd.
The gnoll hits you from afar with a +0 halberd!
Casting: Beastly Appendage (safe; 4% risk of failure)
Confirm with . or Enter, or press ? or * to list all spells.
You feel a surge of power!
Your blood is infused with primal strength.
You are starting to lose your buoyancy.
The gnoll misses you. The gnoll barely misses you.
You hit the gnoll shaman.
Your weapon exudes an aura of protection.
Your grab misses the gnoll shaman.
You pierce the gnoll shaman.
You squeeze the gnoll shaman.
The gnoll shaman is heavily wounded.
The gnoll hits you from afar with a +0 halberd.
The gnoll closely misses you. The gnoll shaman closely misses you.
You barely miss the gnoll shaman. You grab the gnoll shaman.
The gnoll shaman is heavily wounded.
You constrict the gnoll shaman, but do no damage.
The gnoll hits you but does no damage.
The gnoll shaman hits you but does no damage.
The gnoll hits you from afar with a +0 halberd.
* * * LOW HITPOINT WARNING * * *
You barely miss the gnoll shaman.
The gnoll shaman is heavily wounded.
You constrict the gnoll shaman. The gnoll barely misses you.
The gnoll shaman hits you with a +0 whip!
You die...

##########
#ggg@....#
#.######.# ..
#.#
####.######.#
#..g.....##.#
########
..g..###.#..#
#......# #.#
#!...###.####.#
#.###.....##.#
#.#
#............#
#.#


You could see a gnoll shaman and 2 gnolls.

Vanquished Creatures
  A jelly (D:4)
  An orc priest (D:3)
  3 adders
  3 dart slugs
  8 orcs (D:3)
  3 bats (D:2)
  3 endoplasms
  4 giant cockroaches
  7 goblins
  6 hobgoblins
  6 jackals
  2 kobolds
  3 quokkas
  5 ball pythons
  7 frilled lizards
  A rat (D:1)
63 creatures vanquished.

Vanquished Creatures (others)
  2 plants (D:2)
2 creatures vanquished.

Grand Total: 65 creatures vanquished

Notes
Turn   | Place    | Note
-------+----------+-------------------------------------------
     0 | D:1      | Dabor the Octopode Transmuter began the quest for the Orb.
     0 | D:1      | Reached XP level 1. HP: 13/13 MP: 3/3
   224 | D:1      | Reached XP level 2. HP: 8/18 MP: 5/5
   492 | D:1      | Learned a level 2 spell: Wereblood
   505 | D:1      | Found a faded altar of an unknown god.
  1045 | D:1      | Reached XP level 3. HP: 22/23 MP: 4/6
  1837 | D:2      | Found a shimmering altar of Xom.
  2590 | D:3      | Reached XP level 4. HP: 25/29 MP: 5/7
  2721 | D:3      | HP: 2/43 [orc/+0 flail (5)]
  3128 | D:3      | Found a hide-covered altar of Uskayaw.
  3128 | D:3      | Noticed a +0 falchion
  3128 | D:3      | Noticed a +0 dagger
  3128 | D:3      | Noticed a +0 short sword
  3129 | D:3      | Noticed a +0 spear
  3130 | D:3      | Noticed a +0 falchion
  3130 | D:3      | Noticed a +0 short sword
  3131 | D:3      | Noticed a +0 dagger
  3132 | D:3      | Noticed a +0 spear
  3204 | D:3      | Found a stormy altar of Qazlal.
  3512 | D:3      | Found a broken altar of Ashenzari.
  3545 | D:3      | Reached XP level 5. HP: 34/34 MP: 9/9
  4201 | D:4      | Reached skill level 1 in Poison Magic
  4215 | D:4      | Learned a level 3 spell: Spider Form
  4581 | D:4      | Slain by a gnoll shaman

Illustrated notes

Levels and vault maps discovered:
D:1:      minmay_arrival_stone_box, layout_loops_cross,
          shapermc_ecumenical_altar_venn
D:2:      layout_loops_ring, basic_altar, corexii_shack
D:3:      layout_loops_ring, nicolae_ashenzari_panopticon, old_standard_altar,
          nicolae_uskayaw_en_pointe, chequers_serial_rivers_room_b
D:4:      layout_loops_corners

Skill      XL: |  1  2  3  4  5 |
---------------+----------------+-----
Fighting       | 2 |  2.3
Transmutations | 3 |  3.3
Spellcasting   | 3 |  3.1
Poison Magic   | 1 |  1.0
Dodging        | |  2.2
Unarmed Combat | |  3.5

Action                   |  1- 3 |  4- 6 || total
-------------------------+-------+-------++-------
Melee: Unarmed           |    80 |       ||    80
       Tentacles         |    20 |     4 ||    24
       Constrict         |    26 |    11 ||    37
       Kick              |    12 |    11 ||    23
       Punch             |     1 |     1 ||     2
       Mace              |     2 |    76 ||    78
 Cast: Beastly Appendage |    19 |     4 ||    23
       Wereblood         |       |     2 ||     2
  Use: Potion            |       |     6 ||     6
 Stab: Sleeping          |     8 |     4 ||    12
Armor: Skin              |     8 |    37 ||    45
Dodge: Dodged            |    52 |    40 ||    92

Table legend: (Time is in decaauts)
 A = Elapsed time spent in this place.
 B = Non-inter-level travel time spent in this place.
 C = Inter-level travel time spent in this place.
 D = Time resting spent in this place.
 E = Time spent auto-exploring this place.
 F = Levels seen in this place.
 G = Mean time per level.
                   A        B        C        D        E       F      G
               +--------+--------+--------+--------+--------+-----+--------+
         Total |   4607 |   4372 |    235 |    943 |   2846 |   4 | 1151.8 |
       Dungeon |   4607 |   4372 |    235 |    943 |   2846 |   4 | 1151.8 |
               +--------+--------+--------+--------+--------+-----+--------+

Top non-repeatable levels by time:
     D:3: 1621 daAuts
     D:1: 1410 daAuts
     D:2: 981 daAuts
     D:4: 593 daAuts
